 Dungeon Crawl Stone Soup version 0.23-a0-677-g07611c5 (console) character file.

9 Duffy the Firebug (level 2, 2/19 HPs)
             Began as a Demonspawn Fire Elementalist on Jan 9, 2019.
             Quit the game on level 3 of the Dungeon.
             The game lasted 00:00:41 (797 turns).

Duffy the Firebug (Demonspawn Fire Elementalist)     Turns: 797, Time: 00:00:41

Health: 2/19       AC:  2    Str:  8    XL:     2   Next: 3%
Magic:  0/5        EV: 12    Int: 16    God:
Gold:   0          SH:  0    Dex: 13    Spells: 4/5 levels left

rFire    . . .     SeeInvis .   (no weapon)
rCold    + . .     Gourm    .   (no shield)
rNeg     . . .     Faith    .   a - +0 robe
rPois    .         Spirit   .   (no helmet)
rElec    .         Reflect  .   (no cloak)
rCorr    .         Harm     .   (no gloves)
MR       .....                  (no boots)
Stlth    +.........             (no amulet)
HPRegen  0.06/turn              b - ring of attention (curse)
MPRegen  0.09/turn              (no ring)

@: very slightly contaminated
A: cold resistance 1
a: no special abilities


You were on level 3 of the Dungeon.
You were not hungry.

You visited 1 branch of the dungeon, and saw 3 of its levels.

Inventory:

Armour
 a - a +0 robe (worn)
Jewellery
 b - a cursed ring of attention (left hand)
Wands
 e - a wand of digging (3)
Scrolls
 f - a scroll of enchant armour {unknown}
 g - a scroll of blinking {unknown}
 h - a scroll of remove curse {unknown}
Potions
 d - a potion of brilliance {unknown}
Comestibles
 c - 3 rations


   Skills:
 - Level 1.7 Dodging
 - Level 1.7 Stealth
 + Level 2.1 Spellcasting
 + Level 1.8 Conjurations
 + Level 2.8 Fire Magic


You had 4 spell levels left.
You knew the following spells:

 Your Spells              Type           Power        Failure   Level  Hunger
h - Flame Tongue          Conj/Fire      #....        8%          1    #......

Your spell library contained the following spells:

 Spells                   Type           Power        Failure   Level  Hunger
 Throw Flame              Conj/Fire      #.....       12%         2    ###....
 Conjure Flame            Conj/Fire      #.......     24%         3    ###....
 Inner Flame              Hex/Fire       #.......     34%         3    ###....
 Sticky Flame             Conj/Fire      #.......     61%         4    #####..
 Fireball                 Conj/Fire      #.........   91%         5    ######.


Dungeon Overview and Level Annotations

Branches:
Dungeon (3/15)

Altars:


Innate Abilities, Weirdness & Mutations

Your flesh is cold resistant. (rC+)


Message History

Casting: Flame Tongue (safe; 9% risk of failure)
Confirm with . or Enter, or press ? or * to list all spells.
You don't have enough magic to cast that spell.
Casting: Flame Tongue (safe; 9% risk of failure)
Confirm with . or Enter, or press ? or * to list all spells.
You don't have enough magic to cast that spell.
You barely miss the worm.
The worm is severely wounded.
Casting: Flame Tongue (safe; 9% risk of failure)
Confirm with . or Enter, or press ? or * to list all spells.
Aiming: Flame Tongue (safe; 9% risk of failure)
Press: ? - help, Shift-Dir - straight line, f/p - worm
Aim: a worm (severely wounded)
The flame tongue hits the worm.
You kill the worm!
You have reached level 2!
Your demonic ancestry asserts itself...
You feel resistant to cold.
You see here a worm corpse.
Are you sure you want to abandon this character and quit the game? (Confirm

#.# #.# # #.# # .
#.##%## .# ...
#.#...##.#....
#........'....
#....%...#
####.#####
######@###
#........#
#.##.....# +#
#.##.....# .###
#........# .#.#
#..#.....# ##..#
#........######.<#
#.##..).........##
#........##...#..##


There were no monsters in sight!

Vanquished Creatures
  A worm (D:3)
  A hobgoblin (D:3)
  A jackal (D:3)
  A bat (D:3)
  2 kobolds (D:3)
  A rat (D:3)
7 creatures vanquished.

Notes
Turn   | Place    | Note
-------+----------+-------------------------------------------
     0 | D:1      | Duffy the Demonspawn Fire Elementalist began the quest for
                  | the Orb.
     0 | D:1      | Reached XP level 1. HP: 13/13 MP: 3/3
   795 | D:3      | Gained mutation: Your flesh is cold resistant. (rC+)
                  | [demonic ancestry]
   795 | D:3      | Reached XP level 2. HP: 2/19 MP: 0/5
   797 | D:3      | Quit the game

Vault maps used:
D:1:      scummos_arrival_simple_fountains, moated_statue
D:2:      first_ration, bh_chokoban, corexii_item_surrounded_by_moat,
          minmay_fountain_box, st_stairs_7, uniq_jessica, uniq_sigmund
D:3:      gammafunk_ghost_arena, uniq_natasha

Action                   || total
-------------------------++-------
Melee: Unarmed           ||    33
 Cast: Flame Tongue      ||    19
Armor: Robe              ||     4
Dodge: Dodged            ||    29

Table legend:
 A = Non-vault XP
 B = Vault XP
 C = Vault XP percentage of total XP
 D = Non-vault monster count
 E = Vault monster count
 F = Vault count percentage of total count
                 A         B        C        D         E       F
            +---------+---------+-------+---------+---------+-------
      Total |      13 |       0 |   0.0 |       7 |       0 |   0.0
            +---------+---------+-------+---------+---------+-------
        D:3 |      13 |       0 |   0.0 |       7 |       0 |   0.0
            +---------+---------+-------+---------+---------+-------
